 Dungeon Crawl Stone Soup version 0.30-a0-840-ga523dec638 (webtiles) character file.

Game seed: 14978948267464901670

312 Darkkill the Shooter (level 6, -2/45 (53) HPs)
             Began as a Minotaur Hunter on Feb 26, 2023.
             Slain by a wight
             ... wielding a +1 halberd
              (3 damage)
             ... on level 5 of the Dungeon on Mar 1, 2023.
             The game lasted 00:06:04 (2562 turns).

Darkkill the Shooter (Minotaur Hunter)              Turns: 2562, Time: 00:06:05

HP:   -2/45 (53)    AC:  3    Str: 16    XL:     6   Next: 18%
MP:   5/5           EV: 13    Int:  6    God:
Gold: 23            SH:  0    Dex: 15    Spells: 5/5 levels left

rFire   . . .      SeeInvis .    o - +0 longbow
rCold   . . .      Faith    .    (shield currently unavailable)
rNeg    . . .      Spirit   .    c - +0 leather armour
rPois   .          Reflect  .    (helmet restricted)
rElec   .          Harm     .    (no cloak)
rCorr   .          Rampage  .    (no gloves)
Will    .....                    (no boots)
Stlth   ++                       (no amulet)
HPRegen 0.27/turn                (no ring)
MPRegen 0.09/turn                (no ring)

@: heavily drained
A: horns 2, retaliatory headbutt
a: no special abilities


You were on level 5 of the Dungeon.
You visited 1 branch of the dungeon, and saw 4 of its levels.

You collected 168 gold pieces.
You spent 145 gold pieces at shops.

Inventory:

Hand Weapons
 o - a +0 longbow (weapon)
Missiles
 a - 3 javelins
 k - 13 stones
 m - 5 poisoned darts
Armour
 c - a +0 leather armour (worn)
 p - a +0 pair of boots
Jewellery
 d - a +5 ring of evasion
Wands
 l - a wand of digging (5)
Scrolls
 b - a scroll of immolation
 q - a scroll of identify {unknown}
Potions
 e - 2 potions of invisibility {unknown}
 f - 2 potions of curing {@q1}
 g - a potion of lignification {unknown}
 h - a potion of brilliance {unknown}
 i - a potion of attraction {unknown}
 n - a potion of haste {unknown}


   Skills:
 + Level 4.4 Fighting
 + Level 5.6 Ranged Weapons
 + Level 4.1 Dodging
 + Level 2.7 Stealth


You had 5 spell levels left.
You didn't know any spells.
Your spell library contained the following spells:

 Spells                   Type           Power      Damage    Failure   Level
 Ensorcelled Hibernation  Hex/Ice        0%         N/A       67%         2
 Spider Form              Tmut/Pois      0%         N/A       88%         3
 Anguish                  Hex/Necr       0%         N/A       99%         4
 Enfeeble                 Hex            0%         N/A       100%        7


Dungeon Overview and Level Annotations

Branches:
Dungeon (3/15)

Altars:

Shops:
D:2 (*?!!


Innate Abilities, Weirdness & Mutations

You have a pair of horns on your head.
You reflexively headbutt those who attack you in melee.


Message History

The hound is almost dead.
You shoot an arrow.
The arrow hits the hound but does no damage.
The hound is severely wounded.
You shoot an arrow. The arrow hits the hound.
You kill the hound!
No target in view!
Found an escape hatch in the ceiling.
q - a scroll labelled WIMUBL EVEAM No target in view!
No target in view!
A jackal comes into view.
Found 10 gold pieces.
A wight comes into view.
It is wielding a +1 halberd. 2 jackals come into view.
A jackal comes into view.
The jackal barks! x3
The wight misses you.
The jackal bites you but does no damage.
You shoot an arrow. The jackal barks!
The arrow hits the jackal.
The jackal is severely wounded.
The jackal bites you but does no damage.
The jackal bites you.
The wight hits you from afar with a +1 halberd.
You feel drained. The jackal barely misses you. The jackal misses you.
The jackal bites you. The wight misses you. The jackal closely misses you.
You furiously retaliate!
You headbutt the jackal!
You kill the jackal!
You shoot an arrow. The arrow closely misses the jackal.
The arrow barely misses the jackal.
The jackal bites you but does no damage.
The jackal closely misses you. The wight closely misses you.
The jackal bites you but does no damage.
The jackal closely misses you. The jackal misses you.
You shoot an arrow. The arrow barely misses the jackal.
The jackal bites you but does no damage. x2
The jackal barely misses you. You furiously retaliate!
You headbutt the jackal.
You kill the jackal!
The wight hits you from afar with a +1 halberd!
You feel drained. The jackal closely misses you. x2
The wight hits you from afar with a +1 halberd!
You feel drained.
* * * LOW HITPOINT WARNING * * *
The jackal bites you.
* * * LOW HITPOINT WARNING * * *
The jackal misses you.
There is an escape hatch in the ceiling here.
You see here a jackal corpse.
The jackal attacks as you move away! The jackal closely misses you.
The jackal bites you.
* * * LOW HITPOINT WARNING * * *
The jackal barely misses you. x2
You shoot an arrow. The arrow barely misses the jackal.
The wight barely misses you. The jackal bites you.
* * * LOW HITPOINT WARNING * * *
The jackal bites you but does no damage.
The wight barely misses you. The jackal bites you.
* * * LOW HITPOINT WARNING * * *
The jackal bites you.
* * * LOW HITPOINT WARNING * * *
You feel much better.
The jackal bites you but does no damage. x2
The wight misses you.
Fire: o) +0 longbow
Press: ? - help, Q - select action, (/) - cycle Shift-Dir - straight line, f/p - jackal
Aim: a jackal (53% to hit)
You shoot an arrow. The arrow hits the jackal!
You kill the jackal!
The jackal closely misses you.
The wight hits you from afar with a +1 halberd!
The jackal bites you but does no damage.
Fire: o) +0 longbow
Press: ? - help, Q - select action, (/) - cycle Shift-Dir - straight line, f - jackal
Aim: a jackal (53% to hit)
You shoot an arrow. The arrow hits the jackal.
The jackal is lightly wounded.
The jackal bites you but does no damage.
The wight hits you from afar with a +1 halberd!
* * * LOW HITPOINT WARNING * * *
You feel drained. The jackal misses you.
The wight hits you from afar with a +1 halberd.
* * * LOW HITPOINT WARNING * * *
Fire: o) +0 longbow
Press: ? - help, Q - select action, (/) - cycle Shift-Dir - straight line, f/p - jackal
Aim: a jackal (lightly wounded, 53% to hit)
You shoot an arrow. The arrow barely misses the jackal.
The jackal bites you but does no damage.
The wight barely misses you. The jackal bites you.
* * * LOW HITPOINT WARNING * * *
Fire: o) +0 longbow
Press: ? - help, Q - select action, (/) - cycle Shift-Dir - straight line, f/p - jackal
Aim: a jackal (lightly wounded, 53% to hit)
You shoot an arrow. The arrow hits the jackal!
You kill the jackal!
The wight hits you from afar with a +1 halberd.
* * * LOW HITPOINT WARNING * * *
You feel drained.
You die...

#....(...........#####..
#.......................
##...........##.###.....
##...........#.###.####
##.............##..#
##...$...........#.#####
.......z.................
####....<................
##...@..........#####.
#.#............#
...##......#....### ##..
#.............#### #.
#.................
..#...............
..................
#.................
.......#.........


You could see a wight.

Vanquished Creatures
  A necrophage (D:5)
  2 hounds
  Jessica (D:2)
  7 gnolls
  2 adders (D:2)
  2 worms
  2 dart slugs
  3 ball pythons
  2 endoplasms
  4 giant cockroaches
  8 goblins
  8 hobgoblins
  8 jackals
  7 kobolds
  4 quokkas
  4 bats
  3 frilled lizards
  6 rats
74 creatures vanquished.

Notes
Turn   | Place    | Note
-------+----------+-------------------------------------------
     0 | D:1      | Darkkill the Minotaur Hunter began the quest for the Orb.
     0 | D:1      | Reached XP level 1. HP: 18/18 MP: 0/0
     0 | D:1      | Upgraded the game from 0.30-a0-808-g6e0788376e to
                  | 0.30-a0-823-geb93a13fce
    13 | D:1      | Reached skill level 1 in Stealth
    36 | D:1      | Reached XP level 2. HP: 25/25 MP: 1/1
    36 | D:1      | Upgraded the game from 0.30-a0-823-geb93a13fce to
                  | 0.30-a0-830-gfe289a77b0
   234 | D:1      | Reached XP level 3. HP: 25/31 MP: 2/2
   926 | D:2      | Found Orygo Jujo's Distillery.
   931 | D:2      | Bought a potion of curing for 30 gold pieces
   931 | D:2      | Bought a potion of heal wounds for 50 gold pieces
   999 | D:2      | Found Goiwayqel's Distillery.
  1160 | D:2      | Found Xeciwa's Weapon Boutique.
  1171 | D:2      | Noticed Jessica
  1175 | D:2      | Killed Jessica
  1176 | D:2      | Reached XP level 4. HP: 38/38 MP: 3/3
  1198 | D:2      | Reached skill level 5 in Ranged Weapons
  1319 | D:2      | Found Testaheo's Magic Scroll Emporium.
  1354 | D:2      | Found Jehale's General Store.
  1521 | D:2      | Reached XP level 5. HP: 12/46 MP: 4/4
  1948 | D:2      | Bought a +0 longbow for 65 gold pieces
  2059 | D:2      | Upgraded the game from 0.30-a0-830-gfe289a77b0 to
                  | 0.30-a0-840-ga523dec638
  2479 | D:3      | You fall into a shaft and drop 2 floors!
  2479 | D:5      | Entered Level 5 of the Dungeon
  2512 | D:5      | Reached XP level 6. HP: 52/52 MP: 5/5
  2556 | D:5      | HP: 9/48 [jackal (1)]
  2561 | D:5      | HP: 7/46 [jackal (2)]
  2562 | D:5      | HP: 1/46 [wight/+1 halberd (6)]
  2562 | D:5      | Slain by a wight

Illustrated notes

Levels and vault maps discovered:
D:1:      minmay_arrival_four_houses, layout_loops_ring, serial_forest,
          infiniplex_forest_straight_1, infiniplex_forest_lined_3,
          infiniplex_forest_lined_3_way, infiniplex_forest_clump_large
D:2:      layout_basic, serial_shops, nicolae_square_shop, shop,
          nicolae_shop_crystal, nicolae_shop_bloodbath_and_beyond,
          nicolae_shop_temple_entry_statues_fountains, uniq_jessica
D:3:      layout_rooms
D:5:      layout_rooms, mainiacjoe_overflow_catwalk, minmay_temple_entry_fiery,
          grunt_ministairs_13

Skill      XL: |  1  2  3  4  5 |
---------------+----------------+-----
Stealth        | 1 2 |  2.7
Fighting       | 3 4 |  4.4
Dodging        | 3 4 |  4.1
Ranged Weapons | 5 |  5.6

Action                     |  1- 3 |  4- 6 || total
---------------------------+-------+-------++-------
   Fire: Shortbow          |    94 |    51 ||   145
         Longbow           |       |    58 ||    58
    Use: Scroll            |     1 |     3 ||     4
         Potion            |       |     1 ||     1
 Armour: Leather armour    |    11 |    18 ||    29
  Dodge: Dodged            |    30 |    51 ||    81

Table legend: (Time is in decaauts)
 A = Elapsed time spent in this place.
 B = Non-inter-level travel time spent in this place.
 C = Inter-level travel time spent in this place.
 D = Time resting spent in this place.
 E = Time spent auto-exploring this place.
 F = Levels seen in this place.
 G = Mean time per level.
                   A        B        C        D        E       F      G
               +--------+--------+--------+--------+--------+-----+--------+
         Total |   2627 |   2519 |    108 |    100 |   2022 |   4 |  656.8 |
       Dungeon |   2627 |   2519 |    108 |    100 |   2022 |   4 |  656.8 |
               +--------+--------+--------+--------+--------+-----+--------+

Top non-repeatable levels by time:
     D:2: 1148 daAuts
     D:1: 899 daAuts
     D:3: 489 daAuts
     D:5: 90 daAuts

Table legend:
 A = Kills in this place as a percentage of kills in the entire game.
 B = Kills by you in this place as a percentage of kills by you in the entire game.
 C = Kills by friends in this place as a percentage of kills by friends in the entire game.
 D = Other kills in this place as a percentage of other kills in the entire game.
 E = Experience gained in this place as a percentage of experience gained in the entire game.
 F = Experience gained in this place divided by the number of levels of this place that you have seen.
                   A       B       C       D       E      F
               +-------+-------+-------+-------+-------+----------------------
         Total | 100.0 | 100.0 |   N/A |   N/A | 100.0 | 112.2
       Dungeon | 100.0 | 100.0 |   N/A |   N/A | 100.0 | 112.2
               +-------+-------+-------+-------+-------+----------------------
